 Dungeon Crawl Stone Soup version 0.24-a0-355-gbe4061de67 (webtiles) character file.

Game seed: 6800056765044674285

43 Maize the Chopper (level 3, 0/33 HPs)
             Began as a Minotaur Berserker on May 24, 2019.
             Was a Believer of Trog.
             Slain by an ogre
             ... wielding a +0 giant club
              (24 damage)
             ... on level 2 of the Dungeon.
             The game lasted 00:02:48 (1122 turns).

Maize the Chopper (Minotaur Berserker)              Turns: 1122, Time: 00:02:49

Health: 0/33       AC:  6    Str: 22    XL:     3   Next: 37%
Magic:  2/2        EV: 11    Int:  4    God:    Trog [**....]
Gold:   107        SH:  0    Dex:  9    Spells: 2/2 levels left

rFire    . . .     SeeInvis .   a - +0 hand axe
rCold    . . .     Gourm    .   (no shield)
rNeg     . . .     Faith    .   s - +0 ring mail
rPois    .         Spirit   .   (helmet restricted)
rElec    .         Reflect  .   (no cloak)
rCorr    .         Harm     .   d - +0 pair of gloves
MR       .....                  (no boots)
Stlth    +.........             (no amulet)
HPRegen  0.11/turn              u - ring of stealth
MPRegen  0.08/turn              (no ring)

@: heavily drained
A: retaliatory headbutt, horns 2
a: Berserk, Trog's Hand, Renounce Religion


You were on level 2 of the Dungeon.
You worshipped Trog.
Trog was pleased with you.
You were not hungry.

You visited 1 branch of the dungeon, and saw 2 of its levels.

You collected 107 gold pieces.

Inventory:

Hand Weapons
 a - a +0 hand axe (weapon)
Armour
 d - a +0 pair of gloves (worn)
 s - a +0 ring mail (worn)
Jewellery
 u - a ring of stealth (left hand)
Scrolls
 f - a scroll of blinking {unknown}
 h - a scroll of enchant armour {unknown}
 j - a scroll of identify {unknown}
 k - a scroll of random uselessness {unknown}
 l - a scroll of teleportation {unknown}
 m - 4 scrolls of remove curse {unknown}
 r - a scroll of enchant weapon {unknown}
 t - a scroll of immolation {unknown}
Potions
 b - 3 potions of agility {unknown}
 e - 2 potions of haste {unknown}
 i - a potion of curing {unknown}
 n - a potion of might {unknown}
 o - a potion of resistance {unknown}
 q - a potion of heal wounds {unknown}
Comestibles
 c - 4 rations
 g - 4 chunks of flesh


   Skills:
 + Level 4.1(2.6) Fighting
 * Level 4.4(3.0) Axes
 + Level 3.1(1.6) Armour
 - Level 2.4(1.0) Dodging


You had 2 spell levels left.
You didn't know any spells.
Your spell library was empty.

Dungeon Overview and Level Annotations

Branches:
Dungeon (2/15)

Altars:
Yredelemnul


Innate Abilities, Weirdness & Mutations

You reflexively headbutt those who attack you in melee.
You have a pair of horns on your head.


Message History

You drop a +0 leather armour.
Eating one of 4 chunks of flesh.
You eat one of the 4 chunks of flesh.
This raw flesh tastes terrible.
You butcher the bat corpse.
g - 4 chunks of flesh (gained 1)
You see here a bat skeleton. x2
m - 4 scrolls labeled LETTEL AF ZAEDGH (gained 1)
Found a stone staircase leading up.
b - 3 brown potions (gained 1)
An ogre comes into view. It is wielding a +0 giant club.
The ogre shouts!
The ogre closely misses you. You furiously retaliate!
You headbutt the ogre! You hit the ogre but do no damage.
You headbutt the ogre.
The ogre is moderately wounded.
The ogre hits you with a +0 giant club!
You hit the ogre. You headbutt the ogre.
The ogre is severely wounded.
The ogre hits you with a +0 giant club!!
Ouch! That really hurt!
You die...

.######...###### #.#..........#
.#.............####[#..รท.......#
....................#..........#
##.............####............#
#######...#########.#..........#
# ###...### #<.....########## #
#.......# #.##.#.# # #.#.>.#.#
#O##.#.### #.#...#.####@##.....##
#.##.......#.#.......########
#.#####(##.#.................
#.#####(##.###.#.....########
##..............#....##
.#######.##..#..####.#
......................#
..##............#######
##..##...##.##....#


You could see an ogre.

Vanquished Creatures
  A gnoll (D:2)
  An ooze (D:2)
  A dart slug (D:2)
  5 bats
  A giant cockroach (D:1)
  6 goblins
  A hobgoblin (D:2)
  3 kobolds (D:2)
  A quokka (D:2)
  5 frilled lizards
  3 rats
28 creatures vanquished.

Notes
Turn   | Place    | Note
-------+----------+-------------------------------------------
     0 | D:1      | Maize the Minotaur Berserker began the quest for the Orb.
     0 | D:1      | Reached XP level 1. HP: 19/19 MP: 0/0
   430 | D:1      | Reached XP level 2. HP: 26/27 MP: 1/1
   901 | D:2      | Reached ** piety under Trog
   928 | D:2      | Reached XP level 3. HP: 19/33 MP: 2/2
   946 | D:2      | Found a basalt altar of Yredelemnul.
  1118 | D:2      | Noticed an ogre
  1122 | D:2      | Slain by an ogre

Levels and vault maps discovered:
D:1:      dpeg_arrival_line_fractal, layout_basic
D:2:      layout_loops_cross, marbit_many_paths, first_ration

Skill      XL: |  1  2 |
---------------+-------+-----
Axes           | 4 |  4.4
Fighting       | 4 |  4.1
Armour         | 3 |  3.1
Dodging        | |  2.4

Action                   || total
-------------------------++-------
Melee: Hand axe          ||    64
       Headbutt          ||    15
 Stab: Sleeping          ||     1
  Eat: Chunk             ||     1
Armor: Animal skin       ||     3
       Leather armour    ||    31
Dodge: Dodged            ||    44

Table legend:
 A = Non-vault XP
 B = Vault XP
 C = Vault XP percentage of total XP
 D = Non-vault monster count
 E = Vault monster count
 F = Vault count percentage of total count
                 A         B        C        D         E       F
            +---------+---------+-------+---------+---------+-------
      Total |      48 |      14 |  22.6 |      27 |       1 |   3.6
            +---------+---------+-------+---------+---------+-------
        D:1 |      15 |       0 |   0.0 |      10 |       0 |   0.0
        D:2 |      33 |      14 |  29.8 |      17 |       1 |   5.6
            +---------+---------+-------+---------+---------+-------
